| TOP OF THE 1ST |
|
Tacoma Rainiers batting - Pitching for Salt Lake City Buzz : RHP Ben Rivera
|
|
Pitching: RHP Ben Rivera
|
|
|
Batting: LHB Daryl Boston
|
0-0: Called Strike 0-1: Ball 1-1: Ball 2-1: Foul Ball, location: 2F 2-2: Fly out, F9 (Flyball, 9S, EV 90.0 MPH)
|
|
Batting: LHB Tim Hyers
|
0-0: Called Strike 0-1: Foul Ball, location: 2F 0-2: Strikes out swinging
|
|
Batting: LHB Chito Martinez
|
0-0: Foul Ball, location: 2F 0-1: Ball 1-1: Called Strike 1-2: Ball 2-2: Ball 3-2: SOLO HOME RUN (Flyball, 9D, EV 105.6 MPH), Distance : 369 ft
|
|
Batting: RHB Russ Davis
|
0-0: Called Strike 0-1: Foul Ball, location: 2F 0-2: Ball 1-2: Strikes out swinging
|
| Top of the 1st over - 1 run, 1 hit, 0 errors, 0 left on base; Tacoma 1 - Salt Lake City 0 |
| BOTTOM OF THE 1ST |
|
Salt Lake City Buzz batting - Pitching for Tacoma Rainiers : RHP Brad Rigby
|
|
Pitching: RHP Brad Rigby
|
|
|
Batting: RHB Arquimedez Pozo
|
0-0: Ball 1-0: Called Strike 1-1: Bunt missed! 1-2: Ball 2-2: Foul Ball, location: 2F 2-2: Fly out, F9 (Flyball, 89S, EV 87.5 MPH)
|
|
Batting: RHB Emil Brown
|
0-0: Ball 1-0: Ball 2-0: Foul Ball, location: 2F 2-1: Swinging Strike 2-2: Strikes out swinging
|
|
Batting: RHB Jerome Walton
|
0-0: Ball 1-0: Ball 2-0: Swinging Strike 2-1: Swinging Strike 2-2: Fly out, F8 (Line Drive, 8LD, EV 92.5 MPH)
|
| Bottom of the 1st over - 0 runs, 0 hits, 0 errors, 0 left on base; Tacoma 1 - Salt Lake City 0 |
| TOP OF THE 2ND |
|
Tacoma Rainiers batting - Pitching for Salt Lake City Buzz : RHP Ben Rivera
|
|
Batting: SHB Greg Norton
|
0-0: Ball 1-0: Foul Ball, location: 2F 1-1: Ball 2-1: Foul Ball, location: 2F 2-2: Strikes out swinging
|
|
Batting: RHB Jose Guillen
|
0-0: Called Strike 0-1: Called Strike 0-2: Ball 1-2: Ball 2-2: Foul Ball, location: 2F 2-2: Fly out, F7 (Line Drive, 7, EV 95.0 MPH)
|
|
Batting: SHB Jason Bates
|
0-0: Foul Ball, location: 2F 0-1: Ball 1-1: Fly out, F8 (Flyball, 8LD, EV 96.9 MPH)
|
| Top of the 2nd over - 0 runs, 0 hits, 0 errors, 0 left on base; Tacoma 1 - Salt Lake City 0 |
| BOTTOM OF THE 2ND |
|
Salt Lake City Buzz batting - Pitching for Tacoma Rainiers : RHP Brad Rigby
|
|
Batting: RHB Dave Staton
|
0-0: Called Strike 0-1: Swinging Strike 0-2: Ball 1-2: Reached on error, E5 (Groundball, 56, EV 100.6 MPH)
|
|
Batting: RHB Brian Johnson
|
0-0: Fly out, F9 (Line Drive, 9, EV 92.5 MPH)
|
|
Batting: RHB Norberto Martin
|
0-0: Ball 1-0: Ball 2-0: Swinging Strike 2-1: Swinging Strike 2-2: Foul Ball, location: 2F 2-2: Strikes out swinging
|
|
Batting: RHB Jose Oliva
|
0-0: Foul Ball, location: 2F 0-1: Foul Ball, location: 2F 0-2: Ball 1-2: Fly out, F8 (Line Drive, 8RD, EV 97.5 MPH)
|
| Bottom of the 2nd over - 0 runs, 0 hits, 1 error, 1 left on base; Tacoma 1 - Salt Lake City 0 |
| TOP OF THE 3RD |
|
Tacoma Rainiers batting - Pitching for Salt Lake City Buzz : RHP Ben Rivera
|
|
Batting: RHB Ron Coomer
|
0-0: DOUBLE (Flyball, 9LD, EV 100.0 MPH)
|
|
Batting: LHB Greg O'Halloran
|
0-0: Foul Ball, location: 2F 0-1: Ground out 1-3 (Groundball, 13, EV 85.0 MPH) Ron Coomer to third
|
|
Batting: LHB Daryl Boston
|
0-0: Called Strike 0-1: Ground out 6-3 (Groundball, 6MD, EV 99.4 MPH) Ron Coomer scores
|
|
Batting: LHB Tim Hyers
|
0-0: Called Strike 0-1: Swinging Strike 0-2: Strikes out looking
|
| Top of the 3rd over - 1 run, 1 hit, 0 errors, 0 left on base; Tacoma 2 - Salt Lake City 0 |
| BOTTOM OF THE 3RD |
|
Salt Lake City Buzz batting - Pitching for Tacoma Rainiers : RHP Brad Rigby
|
|
Batting: SHB Reggie B. Williams
|
0-0: Ball 1-0: Ground out U3 (Groundball, 3, EV 101.3 MPH)
|
|
Batting: RHB Charlie Greene
|
0-0: Ground out 5-3 (Groundball, 5, EV 98.1 MPH)
|
|
Batting: RHB Arquimedez Pozo
|
0-0: SINGLE (Groundball, 4D, EV 100.0 MPH)
|
|
Batting: RHB Emil Brown
|
0-0: Called Strike 0-1: Fielders Choice at 2nd, 6-4 (Groundball, 6, EV 89.4 MPH)
|
| Bottom of the 3rd over - 0 runs, 1 hit, 0 errors, 1 left on base; Tacoma 2 - Salt Lake City 0 |
| TOP OF THE 4TH |
|
Tacoma Rainiers batting - Pitching for Salt Lake City Buzz : RHP Ben Rivera
|
|
Batting: LHB Chito Martinez
|
0-0: Called Strike 0-1: Foul Ball, location: 2F 0-2: Ball 1-2: Ground out 4-3 (Groundball, 4, EV 83.1 MPH)
|
|
Batting: RHB Russ Davis
|
0-0: Ball 1-0: SOLO HOME RUN (Line Drive, 7LD, EV 110.0 MPH), Distance : 329 ft
|
|
Batting: SHB Greg Norton
|
0-0: Ball 1-0: Foul Ball, location: 2F 1-1: Fly out, F8 (Line Drive, 8LM, EV 91.9 MPH)
|
|
Batting: RHB Jose Guillen
|
0-0: Fly out, F9 (Flyball, 9S, EV 71.9 MPH)
|
| Top of the 4th over - 1 run, 1 hit, 0 errors, 0 left on base; Tacoma 3 - Salt Lake City 0 |
| BOTTOM OF THE 4TH |
|
Salt Lake City Buzz batting - Pitching for Tacoma Rainiers : RHP Brad Rigby
|
|
Batting: RHB Jerome Walton
|
0-0: Ball 1-0: Called Strike 1-1: Reached on error, E7 (Flyball, 7S, EV 90.0 MPH)
|
|
Batting: RHB Dave Staton
|
0-0: Ball 1-0: Ball 2-0: Fly out, F9 (Flyball, 89M, EV 80.0 MPH)
|
|
Batting: RHB Brian Johnson
|
0-0: Called Strike 0-1: Swinging Strike 0-2: SINGLE (Groundball, 6M, EV 84.4 MPH) (infield hit) Jerome Walton to second
|
|
Batting: RHB Norberto Martin
|
0-0: Ball 1-0: Called Strike 1-1: SINGLE (Line Drive, 56D, EV 98.1 MPH) Jerome Walton to third Brian Johnson to second
|
|
Batting: RHB Jose Oliva
|
0-0: Called Strike 0-1: Fielders Choice at 2nd, 3-6 (Groundball, 34, EV 105.0 MPH) Jerome Walton scores Brian Johnson to third
|
|
Batting: SHB Reggie B. Williams
|
0-0: Called Strike 0-1: Ball 1-1: Ball 2-1: Foul Ball, location: 2F 2-2: 3-RUN HOME RUN (Flyball, 7D, EV 100.0 MPH), Distance : 360 ft
|
|
Batting: RHB Charlie Greene
|
0-0: Swinging Strike 0-1: Ball 1-1: Ball 2-1: Called Strike 2-2: Ball 3-2: SOLO HOME RUN (Flyball, 78XD, EV 108.1 MPH), Distance : 403 ft
|
|
Batting: RHB Arquimedez Pozo
|
0-0: Foul Ball, location: 2F 0-1: Ball 1-1: Called Strike 1-2: Ball 2-2: Foul Ball, location: 2F 2-2: Ball 3-2: SINGLE (Groundball, 6M, EV 85.0 MPH) (infield hit)
|
|
Pitching: LHP Billy Brewer
|
|
|
Batting: RHB Emil Brown
|
0-0: Swinging Strike 0-1: Ball 1-1: Called Strike 1-2: Strikes out swinging
|
| Bottom of the 4th over - 5 runs, 5 hits, 1 error, 1 left on base; Tacoma 3 - Salt Lake City 5 |
| TOP OF THE 5TH |
|
Tacoma Rainiers batting - Pitching for Salt Lake City Buzz : RHP Ben Rivera
|
|
Batting: SHB Jason Bates
|
0-0: Ball 1-0: Foul Ball, location: 2F 1-1: Swinging Strike 1-2: Ball 2-2: Ball 3-2: SINGLE (Flyball, 7S, EV 88.8 MPH)
|
|
Batting: RHB Ron Coomer
|
0-0: Called Strike 0-1: Swinging Strike 0-2: Ball 1-2: Fly out, F8 (Flyball, 89XD, EV 103.8 MPH)
|
|
Batting: LHB Greg O'Halloran
|
0-0: Ball 1-0: Foul Ball, location: 2F 1-1: Ball 2-1: Ball Jason Bates steals 2nd base 3-1: Swinging Strike 3-2: Strikes out looking
|
|
Batting: LHB Daryl Boston
|
0-0: Ball 1-0: 2-RUN HOME RUN (Flyball, 9D, EV 96.3 MPH), Distance : 371 ft
|
|
Pitching: RHP Tim Pugh
|
|
|
Batting: LHB Tim Hyers
|
0-0: Ball 1-0: Called Strike 1-1: Foul Ball, location: 2F 1-2: Foul Ball, location: 2F 1-2: Ball 2-2: Ball 3-2: Ground out 1-3 (Groundball, 34S, EV 81.3 MPH)
|
| Top of the 5th over - 2 runs, 2 hits, 0 errors, 0 left on base; Tacoma 5 - Salt Lake City 5 |
| BOTTOM OF THE 5TH |
|
Salt Lake City Buzz batting - Pitching for Tacoma Rainiers : LHP Billy Brewer
|
|
Batting: RHB Jerome Walton
|
0-0: Fly out, F9 (Line Drive, 9, EV 106.3 MPH)
|
|
Batting: RHB Dave Staton
|
0-0: Ball 1-0: Ball 2-0: Called Strike 2-1: Ball 3-1: Base on Balls
|
|
Batting: RHB Brian Johnson
|
0-0: Called Strike 0-1: Swinging Strike 0-2: Fly out, F9 (Flyball, 9S, EV 93.1 MPH)
|
|
Batting: RHB Norberto Martin
|
0-0: Fly out, F7 (Flyball, 7, EV 90.0 MPH)
|
| Bottom of the 5th over - 0 runs, 0 hits, 0 errors, 1 left on base; Tacoma 5 - Salt Lake City 5 |
| TOP OF THE 6TH |
|
Tacoma Rainiers batting - Pitching for Salt Lake City Buzz : RHP Tim Pugh
|
|
Batting: LHB Chito Martinez
|
0-0: Ball 1-0: Called Strike 1-1: Ball 2-1: Foul Ball, location: 2F 2-2: Ball 3-2: Strikes out swinging
|
|
Batting: RHB Russ Davis
|
0-0: Ball 1-0: Ball 2-0: Called Strike 2-1: Foul Ball, location: 2F 2-2: Hit by Pitch
|
|
Batting: SHB Greg Norton
|
0-0: Swinging Strike 0-1: Ball 1-1: Foul Ball, location: 2F 1-2: Ball 2-2: Foul Ball, location: 2F 2-2: Foul Ball, location: 2F 2-2: Ball 3-2: Foul Ball, location: 2F 3-2: Fly out, F5 (Popup, 5F, EV 77.5 MPH)
|
|
Batting: RHB Jose Guillen
|
0-0: Ball 1-0: Foul Ball, location: 2F 1-1: Fly out, F7 (Flyball, 7LD, EV 106.3 MPH)
|
| Top of the 6th over - 0 runs, 0 hits, 0 errors, 1 left on base; Tacoma 5 - Salt Lake City 5 |
| BOTTOM OF THE 6TH |
|
Salt Lake City Buzz batting - Pitching for Tacoma Rainiers : LHP Billy Brewer
|
|
Batting: RHB Jose Oliva
|
0-0: Called Strike 0-1: Ball 1-1: Called Strike 1-2: SOLO HOME RUN (Flyball, 78XD, EV 112.5 MPH), Distance : 401 ft
|
|
Batting: SHB Reggie B. Williams
|
0-0: Ball 1-0: Ball 2-0: Swinging Strike 2-1: Ball 3-1: Foul Ball, location: 2F 3-2: Base on Balls
|
|
Batting: RHB Charlie Greene
|
0-0: Ball 1-0: Ball 2-0: Ball 3-0: Called Strike 3-1: Swinging Strike 3-2: Strikes out swinging
|
|
Batting: RHB Arquimedez Pozo
|
0-0: Ball 1-0: Fly out, F4 (Popup, 34S, EV 69.4 MPH)
|
|
Batting: RHB Emil Brown
|
0-0: Called Strike 0-1: Swinging Strike 0-2: Ball 1-2: Ball 2-2: Foul Ball, location: 2F 2-2: Strikes out swinging
|
| Bottom of the 6th over - 1 run, 1 hit, 0 errors, 1 left on base; Tacoma 5 - Salt Lake City 6 |
| TOP OF THE 7TH |
|
Tacoma Rainiers batting - Pitching for Salt Lake City Buzz : RHP Tim Pugh
|
|
Batting: SHB Jason Bates
|
0-0: Called Strike 0-1: Ball 1-1: Swinging Strike 1-2: Fly out, F8 (Flyball, 8LM, EV 96.9 MPH)
|
|
Batting: RHB Ron Coomer
|
0-0: Swinging Strike 0-1: Called Strike 0-2: Ball 1-2: Strikes out swinging
|
|
Batting: LHB Greg O'Halloran
|
0-0: SINGLE (Line Drive, 34D, EV 109.4 MPH)
|
|
Batting: LHB Daryl Boston
|
0-0: Called Strike 0-1: Ball 1-1: Foul Ball, location: 2F 1-2: Ball 2-2: Fielders Choice at 2nd, U6 (Groundball, 6M, EV 86.3 MPH)
|
| Top of the 7th over - 0 runs, 1 hit, 0 errors, 1 left on base; Tacoma 5 - Salt Lake City 6 |
| BOTTOM OF THE 7TH |
|
Salt Lake City Buzz batting - Pitching for Tacoma Rainiers : LHP Billy Brewer
|
|
Batting: RHB Jerome Walton
|
0-0: Ball 1-0: Ball 2-0: Called Strike 2-1: SINGLE (Groundball, 4D, EV 96.9 MPH)
|
|
Pitching: LHP Jeff Wallace
|
|
|
Batting: RHB Dave Staton
|
0-0: Fly out, F7 (Line Drive, 7, EV 106.3 MPH)
|
|
Batting: RHB Brian Johnson
|
0-0: Ball 1-0: Called Strike 1-1: Foul Ball, location: 2F 1-2: Strikes out looking
|
|
Batting: RHB Norberto Martin
|
0-0: Swinging Strike 0-1: Ball 1-1: Called Strike 1-2: Fly out, F8 (Line Drive, 8RD, EV 103.8 MPH)
|
| Bottom of the 7th over - 0 runs, 1 hit, 0 errors, 1 left on base; Tacoma 5 - Salt Lake City 6 |
| TOP OF THE 8TH |
|
Tacoma Rainiers batting - Pitching for Salt Lake City Buzz : RHP Tim Pugh
|
|
Batting: LHB Tim Hyers
|
0-0: Ball 1-0: Called Strike 1-1: Swinging Strike 1-2: Ball 2-2: Ball 3-2: Ground out 4-3 (Groundball, 4, EV 104.4 MPH)
|
|
Batting: LHB Chito Martinez
|
0-0: Ball 1-0: Foul Ball, location: 2F 1-1: Ball 2-1: Ball 3-1: Base on Balls
|
|
Pitching: RHP Mark Acre
|
|
|
Batting: RHB Russ Davis
|
0-0: Called Strike 0-1: SINGLE (Line Drive, 3D, EV 95.6 MPH) Chito Martinez to second
|
|
Pitching: RHP Bob Ayrault
|
|
|
Batting: SHB Greg Norton
|
0-0: Swinging Strike 0-1: Foul Ball, location: 2F 0-2: Foul Ball, location: 2F 0-2: Ball 1-2: Ball 2-2: Foul Ball, location: 2F 2-2: Fly out, F8 (Flyball, 8LM, EV 79.4 MPH)
|
|
Pinch Hitting: LHB Dion James
|
0-0: Ball 1-0: Ball 2-0: Called Strike 2-1: Ball 3-1: Foul Ball, location: 2F 3-2: Foul Ball, location: 2F 3-2: Base on Balls Chito Martinez to third Russ Davis to second
|
|
Batting: SHB Jason Bates
|
0-0: Called Strike 0-1: Foul Ball, location: 2F 0-2: Ball 1-2: SINGLE (Line Drive, 7S, EV 108.1 MPH) Chito Martinez scores Russ Davis to third Dion James to second
|
|
Batting: RHB Ron Coomer
|
0-0: Ball 1-0: Fly out, F9 (Flyball, 9, EV 85.0 MPH)
|
| Top of the 8th over - 1 run, 2 hits, 0 errors, 3 left on base; Tacoma 6 - Salt Lake City 6 |
| BOTTOM OF THE 8TH |
|
Salt Lake City Buzz batting - Pitching for Tacoma Rainiers : LHP Jeff Wallace
|
|
Now in LF: Dion James
|
|
|
Batting: RHB Jose Oliva
|
0-0: Ground out U3 (Groundball, 34, EV 78.1 MPH)
|
|
Batting: SHB Reggie B. Williams
|
0-0: Ball 1-0: Called Strike 1-1: Ball 2-1: Foul Ball, location: 2F 2-2: SINGLE (Groundball, 56D, EV 96.9 MPH)
|
|
Batting: RHB Charlie Greene
|
0-0: Foul Ball, location: 2F 0-1: Foul Ball, location: 2F 0-2: Strikes out swinging
|
|
Batting: RHB Arquimedez Pozo
|
0-0: Ball 1-0: Called Strike 1-1: SINGLE (Groundball, 6D, EV 96.9 MPH) Reggie B. Williams to second
|
|
Batting: RHB Emil Brown
|
0-0: Called Strike 0-1: Ball 1-1: Ball 2-1: Ground out 2-3 (Groundball, 13S, EV 68.1 MPH)
|
| Bottom of the 8th over - 0 runs, 2 hits, 0 errors, 2 left on base; Tacoma 6 - Salt Lake City 6 |
| TOP OF THE 9TH |
|
Tacoma Rainiers batting - Pitching for Salt Lake City Buzz : RHP Bob Ayrault
|
|
Batting: LHB Greg O'Halloran
|
0-0: Ground out 4-3 (Groundball, 4, EV 80.0 MPH)
|
|
Batting: LHB Daryl Boston
|
0-0: Ball 1-0: Fly out, F9 (Line Drive, 9LM, EV 103.1 MPH)
|
|
Batting: LHB Tim Hyers
|
0-0: Called Strike 0-1: Called Strike 0-2: Ball 1-2: Fly out, F8 (Flyball, 8LXD, EV 77.5 MPH)
|
| Top of the 9th over - 0 runs, 0 hits, 0 errors, 0 left on base; Tacoma 6 - Salt Lake City 6 |
| BOTTOM OF THE 9TH |
|
Salt Lake City Buzz batting - Pitching for Tacoma Rainiers : LHP Jeff Wallace
|
|
Pitching: RHP Tavo Alvarez
|
|
|
Batting: RHB Jerome Walton
|
0-0: Ball 1-0: Ball 2-0: Fly out, F4 (Line Drive, 4, EV 70.6 MPH)
|
|
Batting: RHB Dave Staton
|
0-0: Reached on error, E6 (Groundball, 6, EV 86.3 MPH)
|
|
Batting: RHB Brian Johnson
|
0-0: Ball 1-0: Ball 2-0: Ball 3-0: Called Strike 3-1: Fly out, F9 (Line Drive, 9D, EV 83.1 MPH) Runner from 2nd tags up, SAFE at 3rd, no throw by RF
|
|
Batting: RHB Norberto Martin
|
0-0: Called Strike 0-1: Ball Wild Pitch! Dave Staton scores
|
 |
|
Tuesday, March 3rd, 2026 - OOTP Baseball 20.8 Build 74
|
|